 Dungeon Crawl Stone Soup version 0.28-a0-1038-g9c4cb8273d (webtiles) character file.

Game seed: 7202311500794287109

39 Strat the Chopper (level 3, 0/26 HPs)
             Began as an Octopode Chaos Knight on Dec 8, 2021.
             Was a Plaything of Xom.
             Slain by a frilled lizard (3 damage)
             ... on level 2 of the Dungeon.
             The game lasted 00:01:35 (809 turns).

Strat the Chopper (Octopode Chaos Knight)            Turns: 809, Time: 00:01:36

Health: 0/26       AC:  1    Str: 11    XL:     3   Next: 47%
Magic:  3/3        EV: 13    Int: 16    God:    Xom [..*...]
Gold:   73         SH:  0    Dex: 11    Spells: 2/2 levels left

rFire   . . .      SeeInvis .   a - +0 hand axe (chaos)
rCold   . . .      Faith    .   (no shield)
rNeg    . . .      Spirit   .   (helmet restricted)
rPois   .          Reflect  .   (no amulet)
rElec   .          Harm     .   g - ring of resist corrosion
rCorr   +          Rampage  .   (no ring)
Will    .....                   (no ring)
Stlth   ++........              (no ring)
HPRegen 0.08/turn               (no ring)
MPRegen 0.08/turn               (no ring)
                                (no ring)
                                (no ring)

@: no status effects
A: almost no armour, amphibious, 8 rings, camouflage 1, gelatinous body 1,
(nimble swimmer 1), tentacles
a: Renounce Religion


You were on level 2 of the Dungeon.
You worshipped Xom.
You were a toy of Xom.
You visited 1 branch of the dungeon, and saw 2 of its levels.

You collected 73 gold pieces.

Inventory:

Hand Weapons
 a - a +0 hand axe of chaos (weapon)
Missiles
 b - 6 atropa-tipped darts (quivered)
Jewellery
 g - a ring of resist corrosion (left tentacle)
Scrolls
 d - 2 scrolls of identify {unknown}
Potions
 c - a potion of haste {unknown}
 e - 2 potions of might {unknown}
 f - a potion of heal wounds {unknown}


   Skills:
 + Level 3.4 Fighting
 * Level 3.7 Axes
 + Level 2.8 Dodging


You had 2 spell levels left.
You didn't know any spells.
Your spell library was empty.

Dungeon Overview and Level Annotations

Branches:
Dungeon (2/15)

Altars:


Innate Abilities, Weirdness & Mutations

You cannot wear most types of armour.
You are amphibious.
You can wear up to eight rings at the same time.
Your skin changes colour to match your surroundings (Stealth+).
Your rubbery body absorbs attacks. (AC +1, EV +1)
((You are camouflaged near water. (Stealth+)))
You have tentacles for arms and can constrict up to eight enemies at once.


Message History

Okay, then.
The frilled lizard hisses angrily.
You hit the adder but do no damage.
The adder is lightly wounded.
You constrict the adder.
You feel sick. The adder bites you.
* * * LOW HITPOINT WARNING * * *
You hit the adder.
The adder seems to grow stronger.
Xom is mildly amused.
The adder is severely wounded.
You constrict the adder.
You feel sick. The adder bites you.
* * * LOW HITPOINT WARNING * * *
A frilled lizard comes into view.
You hit the adder.
You kill the adder!
You barely miss the frilled lizard.
You feel sick. The frilled lizard closely misses you.
Really wriggle into that cloud of seething chaos?
Okay, then.
You feel sick. The frilled lizard barely misses you.
The frilled lizard misses you.
You closely miss the frilled lizard. Your grab misses the frilled lizard.
You barely miss the frilled lizard.
You feel sick. The frilled lizard barely misses you.
The frilled lizard closely misses you.
You hit the frilled lizard.
You kill the frilled lizard!
You hit the frilled lizard.
The frilled lizard is poisoned.
Your trail of clouds dissipates.
You feel sick.
You are no longer poisoned.
The frilled lizard bites you.
* * * LOW HITPOINT WARNING * * *
You kill the frilled lizard!
You hit the frilled lizard.
The frilled lizard seems to slow down.
You freeze the frilled lizard.
You kill the frilled lizard!
The frilled lizard closely misses you.
You closely miss the frilled lizard. Your grab misses the frilled lizard.
Your squeeze misses the frilled lizard. The frilled lizard bites you.
You die... "Boring in life, boring in death..."

######### ........#
########'######
#.......<.....# .
#.#####.......# ≈≈.
#. #.......#
≈≈≈..#.#####.......#
≈≈≈...ll@>.........#
≈≈≈..#.##.#........#
≈≈. #. #.#.#+######
. #. #.#.. #. #.####
.. ..# #. ### #.


You could see 2 frilled lizards.

Vanquished Creatures
  An adder (D:2)
  2 dart slugs (D:1)
  3 ball pythons (D:1)
  A bat (D:1)
  2 endoplasms (D:1)
  A giant cockroach (D:1)
  4 goblins (D:1)
  3 jackals (D:1)
  A quokka (D:1)
  3 frilled lizards (D:2)
  3 kobolds (D:1)
  3 rats (D:1)
27 creatures vanquished.

Vanquished Creatures (others)
  An endoplasm (D:1)
1 creature vanquished.

Grand Total: 28 creatures vanquished

Notes
Turn   | Place    | Note
-------+----------+-------------------------------------------
     0 | D:1      | Strat the Octopode Chaos Knight began the quest for the
                  | Orb.
     0 | D:1      | Reached XP level 1. HP: 16/16 MP: 1/1
   100 | D:1      | Reached XP level 2. HP: 19/21 MP: 2/2
   190 | D:1      | XOM: noise
   449 | D:1      | Reached XP level 3. HP: 20/26 MP: 3/3
   634 | D:1      | Found a faded altar of an unknown god.
   688 | D:1      | XOM: cloud trail
   692 | D:1      | XOM: divination: detect creatures
   809 | D:2      | Slain by a frilled lizard

Illustrated notes

Levels and vault maps discovered:
D:1:      ncdulo_lavacross, layout_rooms, serial_glass, glass_columns_b,
          glass_columns_c, ebering_ecumenical_altar_sacrificial
D:2:      layout_basic, basic_altar, minmay_lizard_pond

Action                   || total
-------------------------++-------
Melee: Hand axe          ||    46
       Constrict         ||    13
       Tentacles         ||     7
 Stab: Sleeping          ||     3
Armor: Skin              ||     4
Dodge: Dodged            ||    34

Table legend: (Time is in decaauts)
 A = Elapsed time spent in this place.
 B = Non-inter-level travel time spent in this place.
 C = Inter-level travel time spent in this place.
 D = Time resting spent in this place.
 E = Time spent auto-exploring this place.
 F = Levels seen in this place.
 G = Mean time per level.
                   A        B        C        D        E       F      G
               +--------+--------+--------+--------+--------+-----+--------+
         Total |    814 |    813 |      1 |    192 |    396 |   2 |  407.0 |
       Dungeon |    814 |    813 |      1 |    192 |    396 |   2 |  407.0 |
               +--------+--------+--------+--------+--------+-----+--------+

Top non-repeatable levels by time:
     D:1: 791 daAuts
     D:2: 22 daAuts
